 Dungeon Crawl Stone Soup version 0.28-a0-46-g7b1be97 (webtiles) character file.

Game seed: 16309583392664600256

347 Geeful the Skirmisher (level 6, -1/51 HPs)
             Began as a Palentonga Abyssal Knight on July 28, 2021.
             Was a Follower of Lugonu.
             Slain by a jackal (3 damage)
             ... on level 4 of the Dungeon on July 29, 2021.
             The game lasted 00:13:31 (4457 turns).

Geeful the Skirmisher (Palentonga Abyssal Knight)   Turns: 4457, Time: 00:13:32

Health: -1/51      AC:  4    Str: 16    XL:     6   Next: 32%
Magic:  8/8        EV:  9    Int: 12    God:    Lugonu [*.....]
Gold:   167        SH:  0    Dex: 11    Spells: 5/5 levels left

rFire   . . .      SeeInvis +   a - +1 falchion
rCold   . . .      Faith    .   (no shield)
rNeg    . . .      Spirit   .   b - +0 leather armour
rPois   +          Reflect  .   (no helmet)
rElec   .          Harm     .   (no cloak)
rCorr   .          Rampage  .   (no gloves)
Will    .....                   (no barding)
Stlth   +.........              (no amulet)
HPRegen 0.17/turn               e - ring of poison resistance
MPRegen 0.11/turn               (no ring)

@: no status effects
A: large, rugged brown scales 3, see invisible, deformed body, roll 1, armoured
tail
a: Rolling Charge, Renounce Religion, Depart the Abyss


You were on level 4 of the Dungeon.
You worshipped Lugonu.
Lugonu was aware of your devotion.
You visited 1 branch of the dungeon, and saw 8 of its levels.
You visited the Abyss 1 time.

You collected 167 gold pieces.

Inventory:

Hand Weapons
 a - a +1 falchion (weapon)
Missiles
 d - 2 poisoned darts (quivered)
Armour
 b - a +0 leather armour (worn)
Jewellery
 e - a ring of poison resistance (left hand)


   Skills:
 + Level 4.1 Fighting
 + Level 3.4 Long Blades
 + Level 2.8 Armour
 + Level 2.3 Dodging
 + Level 3.6 Invocations


You had 5 spell levels left.
You didn't know any spells.
Your spell library contained the following spells:

 Spells                   Type           Power      Damage    Failure   Level
 Shock                    Conj/Air       0%         1d3       36%         1
 Swiftness                Air            0%         N/A       75%         3
 Airstrike                Air            0%         N/A       98%         4


Dungeon Overview and Level Annotations

Branches:
Dungeon (8/15)
 Temple: D:4-7         Lair: D:8-11

Altars:
Gozag

Shops:
D:5 *   D:8 =

Annotations:
D:6 Grinder
D:7 Menkaure


Innate Abilities, Weirdness & Mutations

You are completely covered in rugged brown scales. (AC +3, +7% HP)
You have supernaturally acute eyesight. (SInv)
Armour fits poorly on your strangely shaped body.
You can roll at nearby foes to attack.
You have a long armoured tail.


Message History

The jackal moves out of view.
You hear a bark!
Found 8 gold pieces.
Found a stone staircase leading down.
A jackal comes into view.
As you read the scroll labelled DUCUZU XUSU, it crumbles to dust.
You feel aware of your surroundings.
You sensed 2 altars.
It was a scroll of magic mapping.
The ball python closely misses you.
You riposte.
You slash the ball python!
You kill the ball python!
Lugonu accepts your kill.
You barely miss the orc. The orc barely misses you.
You riposte.
You hit the orc.
The orc is lightly wounded.
A jackal comes into view.
You hit the orc.
The orc is severely wounded.
The orc closely misses you.
You riposte.
You barely miss the orc. You tail-slap the orc.
The orc is heavily wounded.
The orc barely misses you. x2; You riposte.
You hit the orc but do no damage.
The orc is heavily wounded.
You slash the orc!
You kill the orc!
Lugonu accepts your kill. The orc misses you.
You hit the orc.
The orc is almost dead.
The jackal bites you but does no damage.
The jackal barely misses you.
You riposte.
You hit the jackal.
The jackal is heavily wounded.
The orc hits you with a +0 dagger.
* * * LOW HITPOINT WARNING * * *
You hit the orc.
You kill the orc!
Lugonu accepts your kill. The jackal barely misses you. x2
You closely miss the jackal.
The jackal is heavily wounded.
The jackal closely misses you. The jackal bites you.
You die...

**,,,,,***,,,**,,*** *,**,,,,,,
**,,,,,,,,,,,,*,,,* *,*,,*,*,,
,,,,,,,*,,,,,,,,,,* *,*,,*,*,,
,,,,,,,***,,,,,,,** *,**,,,,,*
,,,,,,,* *,,,,*,** **,,*,,*,,,
,,,,,,,***,,,**,* *,,©*,,,©*,
*,,,,,***,,,***** *,,,*,*,,,,
***,,,**,,,** ### *,,**,*,,,*
**,,,*,,** #@######..#,,*,**,
**,,,,** *#hh.......#,*,,,*,
****,,,* ***#.h#.....#.#*,,*,,,
***,,,,,****.....####.....*,,,©,,
,,,,,,,,,,.....$.#* **#...**,****
***,,,,,,,....##>.***,,,#.,***,,,
,**,***,,,.###*#..**,,****,,,,,**
,**,* *,,,,****...,,,** **,,,,**
***+***,,,,,,,,..,,,** *,,,,,*


You could see 3 jackals.

Vanquished Creatures
  A water moccasin skeleton (D:3)
  A killer bee (D:7)
  An orc priest (D:5)
  A bullfrog skeleton (D:6)
  3 orc wizards
  6 adders
  A worm (D:2)
  8 orcs
  3 endoplasms
  3 giant cockroaches
  6 hobgoblins
  7 kobolds
  2 quokkas
  5 ball pythons
  2 bats
  4 frilled lizards
  9 goblins
  2 rats
65 creatures vanquished.

Vanquished Creatures (others)
  7 plants (D:2)
7 creatures vanquished.

Grand Total: 72 creatures vanquished

Notes
Turn   | Place    | Note
-------+----------+-------------------------------------------
     0 | Abyss:1  | Geeful the Palentonga Abyssal Knight began the quest for
                  | the Orb.
     0 | Abyss:1  | Reached XP level 1. HP: 19/19 MP: 2/2
    34 | Abyss:1  | Noticed a ynoxinul
    42 | D:1      | Escaped the Abyss
   489 | D:1      | Reached skill level 1 in Dodging
   493 | D:1      | Reached XP level 2. HP: 15/25 MP: 3/3
  1793 | D:2      | Reached XP level 3. HP: 29/31 MP: 4/4
  1794 | D:2      | Reached * piety under Lugonu
  2114 | D:2      | Reached XP level 4. HP: 10/37 MP: 4/6
  2122 | D:2      | Upgraded the game from 0.28-a0-44-gf34e66f to
                  | 0.28-a0-46-g7b1be97
  3214 | D:3      | Found a faded altar of an unknown god.
  3443 | D:3      | Reached XP level 5. HP: 44/44 MP: 7/7
  3733 | D:3      | Found an opulent altar of Gozag.
  3776 | D:3      | You fall into a shaft and drop 3 floors!
  3838 | D:7      | Noticed Menkaure
  3971 | D:8      | Found Moufiaf's Jewellery Boutique.
  3979 | D:7      | HP: 2/44 [killer bee (1)]
  3987 | D:7      | Reached skill level 4 in Fighting
  3987 | D:7      | Reached XP level 6. HP: 17/51 MP: 8/8
  4065 | D:7      | Noticed a sky beast
  4071 | D:7      | Noticed an orc warrior
  4372 | D:6      | Noticed Grinder
  4379 | D:5      | Entered Level 5 of the Dungeon
  4442 | D:5      | HP: 2/51 [black bear (1)]
  4445 | D:5      | Found Odonauta's Overcharged Wands.
  4447 | D:5      | HP: 2/51 [orc (1)]
  4455 | D:4      | HP: 2/51 [orc (2)]
  4457 | D:4      | Slain by a jackal

Illustrated notes

Levels and vault maps discovered:
D:1:      shiori_arrival_oz, layout_basic, serial_curves, eino_curves_02,
          eino_curves_01, kennysheep_decorative_pillar
D:2:      layout_basic, serial_bayou, serial_bayou_ford_a, serial_bayou_shore_a,
          serial_bayou_lagoon_a, serial_bayou_lake_a, serial_bayou_pond_c,
          serial_bayou_pond_e, minmay_box_of_dots
D:3:      minmay_goblin_kobold_castle, layout_loops_ring,
          mainiacjoe_overflow_concentric_impassable,
          shapermc_ecumenical_altar_mp_ritualfount
D:4:      layout_layer_cave, elyvilon_altar_3, kennysheep_little_box,
          gammafunk_ghost_stat_death, serial_park_tiny_2, minmay_starry_boxes,
          uniq_edmund
D:5:      layout_basic, nicolae_shop_overcharged_wands
D:6:      layout_loops_ring, led_xom_imps, temple_doors_e, serial_bayou_pond_a,
          uniq_grinder
D:7:      layout_layer_cave, uniq_menkaure, uniq_joseph
D:8:      wad_pebble_path, layout_rooms, general_overflow_altar,
          nicolae_sif_muna_little_library, mainiacjoe_overflow_paths,
          serial_shops, shop, shop, nicolae_shop_waterfront, shop,
          nicolae_stop_n_shop_2, uniq_maggie, uniq_psyche

Skill      XL: |  1  2  3  4  5 |
---------------+----------------+-----
Dodging        | 1 2 |  2.3
Armour         | 2 |  2.8
Invocations    | 3 |  3.6
Long Blades    | 3 |  3.4
Fighting       | 4 |  4.1

Action                   |  1- 3 |  4- 6 || total
-------------------------+-------+-------++-------
Melee: Falchion          |   100 |   132 ||   232
       Tailslap          |    12 |    17 ||    29
Throw: Dart              |       |     9 ||     9
Invok: Depart the Abyss  |     1 |       ||     1
 Abil: Rolling Charge    |     1 |    11 ||    12
  Use: Scroll            |     4 |     4 ||     8
       Potion            |       |     3 ||     3
Armor: Leather armour    |    36 |    43 ||    79
Dodge: Dodged            |    43 |    81 ||   124
       Rpst.: Falchion   |    15 |    26 ||    41

Table legend: (Time is in decaauts)
 A = Elapsed time spent in this place.
 B = Non-inter-level travel time spent in this place.
 C = Inter-level travel time spent in this place.
 D = Time resting spent in this place.
 E = Time spent auto-exploring this place.
 F = Levels seen in this place.
 G = Mean time per level.
                   A        B        C        D        E       F      G
               +--------+--------+--------+--------+--------+-----+--------+
         Total |   4554 |   4459 |     95 |    399 |   3282 |   9 |  506.0 |
       Dungeon |   4512 |   4417 |     95 |    399 |   3282 |   8 |  564.0 |
         Abyss |     42 |     42 |      0 |      0 |      0 |   1 |   42.0 |
               +--------+--------+--------+--------+--------+-----+--------+

Top non-repeatable levels by time:
     D:2: 1705 daAuts
     D:1: 1392 daAuts
     D:3: 727 daAuts
     D:6: 397 daAuts
     D:7: 208 daAuts
     D:5: 70 daAuts
 Abyss:1: 42 daAuts
     D:4: 9 daAuts
     D:8: 1 daAuts
